 Dungeon Crawl Stone Soup version 0.25-a0-464-g3004169c2b (webtiles) character file.

Game seed: 4505379353850281190, levelgen mode: deterministic

1064998 LSt the Middleweight Champion (level 27, 0/324 (325) HPs)
             Began as an Octopode Transmuter on Feb 1, 2020.
             Was the Champion of Makhleb.
             Slain by an emperor scorpion (15 damage)
             ... summoned by a greater mummy
             ... on level 3 of the Tomb of the Ancients on Feb 4, 2020.
             The game lasted 22:58:59 (116298 turns).

LSt the Middleweight Champion (OpTm)              Turns: 116298, Time: 22:59:01

HP:   0/324 (325)   AC: 50    Str: 23 (26) XL:     27
MP:   0/48          EV:  2    Int: 33      God:    Makhleb [******]
Gold: 10497         SH:  0    Dex: 17 (18) Spells: 5/51 levels left

rFire    + + .     SeeInvis .     - Unarmed
rCold    + . .     Gourm    .   (no shield)
rNeg     + + +     Faith    .   (helmet currently unavailable)
rPois    +         Spirit   +   m - amulet "Vapsoxt" {Spirit Int+8}
rElec    .         Reflect  .   k - ring "Muenec" {rF+ MP+9 Int+4 Stlth+}
rCorr    .         Harm     .   d - ring "Edatt" {rF+ rN+ Slay+3}
MR       +++..     NoTele   +   E - ring "Qeihaz" {AC+6 Dex+3}
Stlth    +++++++++.             x - ring of Tatupofa {Wiz +Fly rC+ Int+3 Dex-3}
HPRegen  0.00/turn              W - +6 ring of protection
MPRegen  0.31/turn              s - +6 ring of strength
                                u - ring "Odarikom" {AC+5 Int+2 Dex+2}
                                F - ring of Phasing {EV+8}

@: lethally poisoned (0 -> -95), tree-form, very slightly contaminated,
starving, non-regenerating, diseased, hasted and slowed, invisible
A: almost no armour, stealthy swim, (amphibious), 8 rings, (constrict 8), agile
1, deterioration 1, magic resistance 1, wild magic 1
}: 10/15 runes: decaying, slimy, silver, abyssal, demonic, glowing, magical,
fiery, dark, gossamer
a: Minor Destruction, Lesser Servant of Makhleb, Major Destruction, Greater
Servant of Makhleb, Renounce Religion


You were on level 3 of the Tomb of the Ancients.
You worshipped Makhleb.
Makhleb was exalted by your worship.
You were starving.
You were a tree.
You visited 13 branches of the dungeon, and saw 57 of its levels.
You visited Pandemonium 4 times, and saw 20 of its levels.
You visited the Abyss 3 times.
You visited 1 bazaar.
You also visited: Trove, Ice Cave, Volcano, Wizlab and Desolation.

You collected 14653 gold pieces.
You spent 4156 gold pieces at shops.

Inventory:

Hand Weapons
 b - a +9 arbalest of flaming
 B - the +11 arbalest of Youthful Indiscretion {vorpal, -Tele rN+ Stlth+}
   (You found it on level 3 of the Crypt)

   Any bolt fired from it inflicts extra damage.
   It protects you from negative energy.
   It prevents most forms of teleportation.
   It makes you more stealthy.
Missiles
 q - 1424 bolts
 A - 14 throwing nets
 H - 494 arrows
 I - 320 stones (quivered)
Armour
 V - the -2 hat of the Alchemist (melded) {rElec rPois rF+ rC+ rN+ MR+ rMut rCorr}
   (You found it in an ice cave)

   It protects you from fire.
   It protects you from cold.
   It insulates you from electricity.
   It protects you from poison.
   It protects you from negative energy.
   It affects your resistance to hostile enchantments.
   It provides partial protection from all sources of acid and corrosion.
   It protects you from mutation.
   If you remove this armour, your AC will rise 0 points (50 -> 50)
Magical Staves
 i - an uncursed staff of energy
 p - an uncursed staff of wizardry
Jewellery
 a - the ring "Pyhosse" {Str+5 Dex+3}
   (You took it off a hell knight on level 4 of the Depths)

   [ring of strength]

   It affects your strength (+5).
   It affects your dexterity (+3).
 d - the ring "Edatt" (right branch) {rF+ rN+ Slay+3}
   (You found it on level 9 of the Dungeon)

   [ring of protection from fire]

   It affects your accuracy and damage with ranged weapons and melee attacks
   (+3).
   It protects you from fire.
   It protects you from negative energy.
 k - the ring "Muenec" (left branch) {rF+ MP+9 Int+4 Stlth+}
   (You found it in a wizard's laboratory)

   [ring of magical power]

   It affects your intelligence (+4).
   It protects you from fire.
   It affects your magic capacity (+9).
   It makes you more stealthy.
 m - the amulet "Vapsoxt" (around neck) {Spirit Int+8}
   (You found it in the Desolation of Salt)

   [amulet of guardian spirit]

   It causes incoming damage to be split between your health and magic.
   It affects your intelligence (+8).
 s - a +6 ring of strength (on tentacle)
 u - the ring "Odarikom" (on tentacle) {AC+5 Int+2 Dex+2}
   (You found it on level 3 of the Depths)

   [ring of protection]

   It affects your AC (+5).
   It affects your intelligence (+2).
   It affects your dexterity (+2).
 w - the ring of Ru's Righteous Anger {rF+ rC+ Int+5}
   (You bought it in a shop in a bazaar)

   [ring of protection from cold]

   It affects your intelligence (+5).
   It protects you from fire.
   It protects you from cold.
 x - the ring of Tatupofa (on tentacle) {Wiz +Fly rC+ Int+3 Dex-3}
   (You found it in the Desolation of Salt)

   [ring of wizardry]

   It improves your spell success rate.
   It affects your intelligence (+3).
   It affects your dexterity (-3).
   It protects you from cold.
   It lets you fly.
 E - the ring "Qeihaz" (on tentacle) {AC+6 Dex+3}
   (You acquired it on level 4 of the Swamp)

   [ring of protection]

   It affects your AC (+6).
   It affects your dexterity (+3).
 F - the ring of Phasing (on tentacle) {EV+8}
   (You took it off a deep elf death mage on level 3 of the Elven Halls)

   [ring of evasion]

   It affects your evasion (+8).
 J - an uncursed ring of see invisible
 W - a +6 ring of protection (on tentacle)
 Y - an uncursed ring of protection from magic
Wands
 D - a wand of polymorph (49)
Scrolls
 g - 3 scrolls of silence
 v - 10 scrolls of fog
 y - 28 scrolls of remove curse
 C - 7 scrolls of blinking
 G - 25 scrolls of identify
 K - 7 scrolls of summoning
 L - 11 scrolls of fear
 P - 11 scrolls of amnesia
 Q - 7 scrolls of magic mapping
 S - 26 scrolls of teleportation
 U - 16 scrolls of immolation
Potions
 h - 25 potions of curing
 j - 11 potions of resistance
 l - 6 potions of brilliance
 n - 5 potions of ambrosia
 o - 4 potions of agility
 r - 23 potions of mutation
 t - 11 potions of might
 z - 8 potions of magic
 M - 5 potions of heal wounds
 N - 6 potions of haste
 R - 7 potions of berserk rage
 T - 7 potions of cancellation
 X - 5 potions of invisibility
 Z - 5 potions of lignification
Miscellaneous
 O - 3 phantom mirrors
Comestibles
 c - 78 rations


   Skills:
 * Level 25.4 Fighting
   Level 1.1 Polearms
 - Level 18.4 Crossbows
 - Level 19.3 Dodging
 - Level 23.6 Stealth
 O Level 27 Unarmed Combat
 - Level 12.6 Spellcasting
   Level 2.0 Conjurations
 - Level 11.6 Summonings
 - Level 21.3 Translocations
 - Level 15.0 Transmutations
   Level 1.1 Ice Magic
   Level 2.0 Air Magic
 - Level 8.5 Earth Magic
   Level 4.1 Poison Magic
 - Level 21.0 Invocations
 - Level 12.0 Evocations


You had 5 spell levels left.
You knew the following spells:

 Your Spells              Type           Power        Failure   Level  Hunger
a - Aura of Abjuration    Summ           #######...   1%          5    None
b - Sticks to Snakes      Tmut           ########     1%          2    None
c - Statue Form           Tmut/Erth      #######..    1%          6    ####...
d - Blade Hands           Tmut           ########..   1%          5    None
e - Blink                 Tloc           N/A          1%          2    None
g - Shadow Creatures      Summ           N/A          1%          6    ####...
h - Passwall              Tmut/Erth      #######.     1%          2    None
i - Malign Gateway        Summ/Tloc      ########..   1%          7    #####..
j - Controlled Blink      Tloc           N/A          1%          8    #######
k - Portal Projectile     Hex/Tloc       ######       1%          3    None

Your spell library contained the following spells:

 Spells                   Type           Power        Failure   Level  Hunger
 Animate Skeleton         Necr           N/A          1%          1    None
 Apportation              Tloc           ######       1%          1    None
 Beastly Appendage        Tmut           ######       1%          1    None
 Corona                   Hex            ####...      1%          1    None
 Foxfire                  Conj/Fire      ####         1%          1    None
 Freeze                   Ice            ####         1%          1    None
 Infusion                 Chrm           ####         1%          1    None
 Magic Dart               Conj           ####         1%          1    None
 Pain                     Necr           ####         1%          1    None
 Sandblast                Erth           ######       1%          1    None
 Shock                    Conj/Air       ####         1%          1    None
 Sting                    Tmut/Pois      ####         1%          1    None
 Summon Butterflies       Summ           #######.     1%          1    None
 Call Imp                 Summ           #######.     1%          2    None
 Corpse Rot               Necr/Air       N/A          1%          2    None
 Ensorcelled Hibernation  Hex/Ice        ####..       1%          2    None
 Searing Ray              Conj           #####.       1%          2    None
 Shroud of Golubria       Chrm/Tloc      ######       1%          2    None
 Swiftness                Chrm/Air       #####...     1%          2    None
 Gell's Gravitas          Tloc           ########..   1%          3    None
 Ignite Poison            Fire/Tmut/Pois ######..     1%          3    None
 Lesser Beckoning         Tloc           ########..   1%          3    None
 Mephitic Cloud           Conj/Pois/Air  ######..     1%          3    None
 Recall                   Summ/Tloc      N/A          1%          3    None
 Spider Form              Tmut/Pois      #######...   1%          3    None
 Static Discharge         Conj/Air       #####...     1%          3    None
 Stone Arrow              Conj/Erth      ######       1%          3    None
 Teleport Other           Tloc           ########     1%          3    None
 Ice Form                 Ice/Tmut       #######.     1%          4    None
 Iskenderun's Mystic Bla  Conj/Tloc      #######.     1%          4    None
 Passage of Golubria      Tloc           N/A          1%          4    None
 Petrify                  Tmut/Erth      #######.     1%          4    None
 Summon Ice Beast         Ice/Summ       ######..     1%          4    None
 Alistair's Intoxication  Tmut/Pois      #######.     1%          5    None
 Irradiate                Conj/Tmut      #######...   1%          5    None
 Lee's Rapid Deconstruct  Erth           #######...   1%          5    None
 Summon Demon             Summ           #######...   1%          5    None
 Summon Forest            Summ/Tloc      ########..   1%          5    None
 Yara's Violent Unravell  Hex/Tmut       #######...   1%          5    None
 Slow                     Hex            ####....     2%          2    None
 Sublimation of Blood     Necr           ####......   2%          2    None
 Conjure Flame            Conj/Fire      #####...     2%          3    None
 Dazzling Flash           Conj/Hex       #####.       2%          3    None
 Leda's Liquefaction      Hex/Erth       ######....   2%          4    None
 Ozocubu's Armour         Chrm/Ice       ####....     3%          3    None
 Summon Mana Viper        Hex/Summ       ######..     3%          5    None
 Confusing Touch          Hex            ####....     4%          3    None
 Inner Flame              Hex/Fire       ####....     4%          3    None
 Spectral Weapon          Hex/Chrm       ####....     4%          3    None
 Tukima's Dance           Hex            ####....     4%          3    None
 Vampiric Draining        Necr           ####......   4%          3    None
 Airstrike                Air            #####.....   6%          4    None
 Hailstorm                Conj/Ice       #####...     6%          4    None
 Borgnjor's Vile Clutch   Necr/Erth      ######....   6%          5    None
 Fulminant Prism          Conj/Hex       #####.....   9%          4    None
 Sticky Flame             Conj/Fire      #####...     9%          4    None
 Bolt of Magma            Conj/Fire/Erth ######....   9%          5    None
 Animate Dead             Necr           N/A          12%         4    None
 Cause Fear               Hex            ####......   12%         4    None
 Dispel Undead            Necr           ####....     12%         4    None
 Lightning Bolt           Conj/Air       #####.....   14%         5    None
 Fireball                 Conj/Fire      #####.....   21%         5    None
 Iskenderun's Battlesphe  Conj/Chrm      #####...     21%         5    None
 Silence                  Hex/Air        #####.....   21%         5    None
 Metabolic Englaciation   Hex/Ice        ####......   24%         5    None
 Agony                    Necr           ####....     30%         5    None
 Excruciating Wounds      Chrm/Necr      ####......   30%         5    None
 Dispersal                Tloc           ########..   1%          6    ####...
 Hydra Form               Tmut           ########..   1%          6    ####...
 Disjunction              Tloc           ########..   1%          8    #######
 Dragon Form              Tmut           ########..   2%          7    #####..
 Eringya's Noxious Bog    Tmut/Pois      #######...   4%          6    ####...
 Iron Shot                Conj/Erth      ######....   21%         6    ####...
 Spellforged Servitor     Conj/Summ      ######....   45%         7    #####..
 Conjure Ball Lightning   Conj/Air       #####.....   54%         6    ####...
 Freezing Cloud           Conj/Ice/Air   #####.....   58%         6    ####...
 Haunt                    Necr/Summ      ######....   58%         7    #####..
 Deflect Missiles         Chrm/Air       #####.....   67%         6    ####...
 Ozocubu's Refrigeration  Ice            #####.....   67%         6    ####...
 Starburst                Conj/Fire      #####.....   67%         6    ####...
 Simulacrum               Ice/Necr       ####......   75%         6    ####...
 Darkness                 Hex            ####......   82%         6    ####...
 Death Channel            Necr           ####......   82%         6    ####...
 Invisibility             Hex            ####....     82%         6    ####...
 Necromutation            Tmut/Necr      #######...   95%         8    #######
 Orb of Destruction       Conj           #####.....   97%         7    #####..
 Lehudib's Crystal Spear  Conj/Erth      ######....   99%         8    #######
 Borgnjor's Revivificati  Necr           ####......   100%        8    #######
 Chain Lightning          Conj/Air       #####.....   100%        8    #######
 Death's Door             Chrm/Necr      ####......   100%        8    #######
 Discord                  Hex            ####......   100%        8    #######
 Ignition                 Fire           ####......   100%        8    #######
 Infestation              Necr           ####......   100%        8    #######
 Fire Storm               Conj/Fire      #####.....   100%        9    #######
 Glaciate                 Conj/Ice       #####.....   100%        9    #######
 Shatter                  Erth           #######...   100%        9    #######
 Tornado                  Air            #####.....   100%        9    #######


Dungeon Overview and Level Annotations

Branches:
Dungeon (15/15)            Temple (1/1) D:7            Lair (6/6) D:11
  Swamp (4/4) Lair:2       Spider (4/4) Lair:4        Slime (5/5) Lair:5
    Orc (2/2) D:12            Elf (3/3) Orc:2        Vaults (5/5) D:13
  Crypt (3/3) Vaults:2       Tomb (3/3) Crypt:3      Depths (5/5) D:15
   Hell (visited)             Dis (0/7) Hell            Geh (0/7) Hell
    Coc (0/7) Hell            Tar (0/7) Hell            Zot (0/5) Depths:5
  IceCv (visited)         Volcano (visited)          WizLab (visited)
Desolation (visited)

Altars:
Ashenzari
Cheibriados
Dithmenos
Elyvilon
Fedhas
Gozag
Hepliaklqana
Kikubaaqudgha
Makhleb
Nemelex Xobeh
Okawaru
Qazlal
Ru
Sif Muna
Trog
Uskayaw
Vehumet
Wu Jian
Xom
Yredelemnul
Zin
The Shining One
Jiyva

Shops:
D:8 :   Orc:2 !((*?   Elf:1 }   Elf:2 ?[(   Elf:3 ?   Vaults:2 (   Vaults:5 ?

Portals:
Hell: Depths:1 Depths:2 Depths:3 Depths:4 Depths:5
Abyss: Depths:2 Depths:3 Depths:4
Pandemonium: Depths:3
Ziggurat: Depths:5

Annotations:
D:9 centaur
D:10 eye orb?
D:13 ogre mage(slow)


Innate Abilities, Weirdness & Mutations

You cannot wear most types of armour.
You are very stealthy in the water. (Stealth+)
((You are amphibious.))
You can wear up to eight rings at the same time.
((You can use your tentacles to constrict eight enemies at once.))
((Your skin changes colour to match your surroundings (Stealth+).))
((Your rubbery body absorbs attacks. (AC +1, EV +1)))
You are agile. (Dex +2)
Your body sometimes deteriorates upon taking damage.
You are resistant to hostile enchantments. (MR+)
Your spells are a little harder to cast, but a little more powerful.


Message History

* * * LOW HITPOINT WARNING * * *
The ushabti shakes and rattles.
The vile air hits the emperor scorpion but does no damage.
The vile air hits the ushabti.
The vile air hits the emperor scorpion but does no damage.
The vile air hits the emperor scorpion.
The greater mummy barely misses you.
You feel much better.
You feel your flesh rotting away!
You feel ill.
You already are as slow as you could be.
* * * LOW HITPOINT WARNING * * *
x2 You feel extremely sick.
The emperor scorpion is engulfed in dark miasma.
The emperor scorpion is poisoned.
The emperor scorpion stings you but does no damage.
The emperor scorpion claws you but does no damage. x2
The reaper hits you but does no damage.
The greater mummy casts a spell.
The emperor scorpion stings you!
You die...

######## ###### *
#......# ##sM{♣##
**#......###ssMssM##
,*#......##ssMs2Mz2##
,*#.....)##MMssMssss##
,,#..^...#s5M88s355$$##
,,#.....§#sMM8.555§$$?##
^,+......MMMV..5$5$$$$$#*
,,#......#MZz..$$$$$%$$)*
,,#.^....#......($$$$$$$*


You could see 6 greater mummies, 7 emperor scorpions, 2 reapers, 2 mummy
priests, 5 guardian mummies, 2 ushabtiu, a vampire, a mummy (wandering), 2
wights, an ufetubus (wandering) and a storm dragon skeleton (wandering).

Vanquished Creatures
  Cerebov (Pan)
  the Royal Jelly (Slime:5)
  Gloorx Vloq (Pan)
  4 ancient liches
  Khufu (Tomb:1)
  Mennas (Depths:5)
  2 juggernauts
  2 pandemonium lords (Pan)
  25 greater mummies
  Frederick (Depths:5)
  Margery (Depths:5)
  Saint Roka (Crypt:3)
  Geryon (Hell)
  3 caustic shrikes
  A profane servitor (Abyss:3)
  Nikola (Elf:1)
  4 golden dragons
  Jory (Vaults:2)
  A mutant beast (WizLab)
  the Enchantress (Depths:1)
  The ghost of walterwhite the Severer, an adept DDFi of Makhleb (Vaults:3)
  A bone dragon (Abyss:1)
  9 Brimstone Fiends (Pan)
  14 Tzitzimimeh (Pan)
  A hellephant (Pan)
  3 tentacled monstrosities
  14 liches
  Asterion (Elf:3)
  7 Hell Sentinels
  6 titans
  4 Ice Fiends
  20 acid blobs
  3 deep elf master archers (Elf:3)
  4 deep elf blademasters
  5 ancient champions
  2 quicksilver dragons
  28 Executioners
  10 sphinxes
  Gastronok (D:10)
  Kirke (D:15)
  Donald (Vaults:1)
  4 thorn hunters
  3 shadow dragons
  10 tentacled starspawn
  7 tengu reavers
  Roxanne (Elf:1)
  A draconian monk (Depths:5)
  Agnes (Elf:1)
  A daeva (Pan)
  4 storm dragons
  10 azure jellies
  9 blood saints (Pan)
  5 revenants
  8 frost giants
  10 cacodemons
  5 imperial myrmidons (Desolation)
  4 fire giants
  13 vault wardens
  10 deep elf sorcerers
  28 balrugs (Pan)
  2 iron dragons
  4 ghost moths
  7 emperor scorpions
  12 warmongers (Pan)
  5 deep elf elementalists
  4 curse skulls
  14 reapers
  10 war gargoyles
  2 ghouls
  A draconian shifter (Depths:5)
  A draconian annihilator (Pan)
  21 very ugly things
  An angel (Pan)
  2 entropy weavers (Spider:4)
  16 ironheart preservers
  An entropy weaver (shapeshifter) (Vaults:5)
  4 spriggan defenders
  26 stone giants
  A black draconian (Depths:5)
  8 bennus (Tomb:2)
  4 green draconians
  14 corrupters (Pan)
  11 black suns (Pan)
  18 deep elf annihilators
  2 white draconians (Depths:5)
  12 deep elf demonologists
  5 vampire knights
  16 lorocyprocas
  2 halazid warlocks (Desolation)
  A purple draconian (Depths:5)
  A dire elephant (Abyss:3)
  5 spark wasps
  The ghost of Huitotooss the Thaumaturge, a journeyman FoVM of Kikubaaqudgha (D:13)
  The ghost of Zarkath the Destroyer, a journeyman TeFE of Vehumet (D:13)
  The ghost of Bisurr the Severer, a journeyman MiBe of Trog (D:13)
  11 deep elf death magi
  17 mummy priests
  32 green deaths
  6 eidola
  26 blizzard demons
  16 yaktaur captains
  10 death oozes
  15 ettins
  13 jiangshi
  16 fire dragons
  A kraken zombie (Hell)
  A fire dragon (shapeshifter) (WizLab)
  12 rakshasas
  Josephine (D:14)
  10 servants of whispers (Desolation)
  6 deep elf high priests
  8 monstrous demonspawn (Pan)
  22 great orbs of eyes
  7 ragged hierophants
  6 peacekeepers (Desolation)
  28 vault guards
  13 hydras
  4 hell beasts
  2 juggernaut simulacra (Pan)
  5 quicksilver dragon skeletons
  15 ice dragons
  A catoblepas (Lair:6)
  3 naga warriors
  7 centaur warriors
  A shambling mangrove (Swamp:2)
  11 spriggan air magi
  A ghost crab (Swamp:3)
  15 alligators
  A satyr (Abyss:3)
  3 death knights
  28 dancing weapons
  20 ogre magi
  50 two-headed ogres
  6 deep troll shamans
  6 deep troll earth magi
  56 death scarabs
  A hell hog (Hell)
  A death yak (Lair:6)
  7 tengu warriors
  8 thrashing horrors
  11 spriggan berserkers
  9 vampire magi
  Urug (Lair:4)
  A titan zombie (Abyss:3)
  6 holy swine (Pan)
  55 sun demons
  An orc high priest (Orc:2)
  3 iron golems
  30 hell knights
  A titan skeleton (Crypt:2)
  A shock serpent (shapeshifter) (WizLab)
  2 fire crabs (shapeshifter) (WizLab)
  An iron troll (Depths:4)
  43 soul eaters
  11 shadow wraiths
  An iron giant zombie (Crypt:1)
  18 deep elf knights
  A salamander mystic (Depths:1)
  22 sixfirhies (Pan)
  8 wretched stars
  9 gelid demonspawn (Pan)
  4 storm dragon skeletons
  2 spatial maelstroms
  28 skeletal warriors
  An anaconda zombie (Crypt:1)
  31 deep trolls
  9 wizards
  9 glowing orange brains
  7 flayed ghosts
  10 infernal demonspawn (Pan)
  An unseen horror (shapeshifter) (WizLab)
  2 spriggan druids
  16 deep elf archers
  12 shadow demons
  15 torturous demonspawn (Pan)
  An orange crystal statue (Depths:5)
  3 unseen horrors
  A lindwurm (shapeshifter) (D:10)
  A harpy (shapeshifter) (WizLab)
  10 swamp dragons
  2 shadow dragon zombies
  19 necromancers
  9 orc knights
  17 phantasmal warriors
  2 anaconda skeletons
  20 ironbrand convokers
  10 harpies
  34 wolf spiders
  An iron dragon zombie (Crypt:1)
  2 golden dragon skeletons
  6 shining eyes
  36 ugly things
  A salamander (shapeshifter) (Vaults:1)
  2 frost giant zombies
  14 orb spiders
  2 fire giant zombies
  A mana viper (Abyss:3)
  2 wolf spider zombies
  7 cyclopes
  A human zombie (Vaults:2)
  A stone giant zombie (Tomb:2)
  2 shadow dragon skeletons
  4 orc sorcerers
  63 deep elf magi
  6 manticores
  10 salamanders
  69 large abominations
  3 frost giant skeletons
  8 worldbinders (Abyss:3)
  2 stone giant skeletons
  12 fire giant skeletons
  4 toenail golems (Volcano)
  6 vault sentinels
  A dire elephant zombie (Crypt:2)
  A black mamba (shapeshifter) (WizLab)
  12 black mambas
  A water nymph (Abyss:3)
  12 ice statues
  7 moths of wrath
  11 rust devils
  An iron dragon skeleton (Pan)
  An eye of devastation (shapeshifter) (WizLab)
  2 elephants (Lair:6)
  2 guardian serpents (Abyss:3)
  2 naga magi (Abyss:3)
  6 gargoyles
  8 eyes of devastation
  29 orange demons
  2 apocalypse crabs (Abyss:3)
  A spiny frog (shapeshifter) (Depths:1)
  62 smoke demons
  A shock serpent skeleton (Crypt:1)
  25 hellions
  A torpor snail (Spider:3)
  3 rime drakes
  3 kobold demonologists
  A red draconian zombie (Crypt:1)
  An emperor scorpion zombie (Hell)
  15 spiny frogs
  A grey draconian zombie (Crypt:2)
  6 komodo dragons
  A rime drake (shapeshifter) (Depths:2)
  A yaktaur skeleton (Vaults:2)
  A yellow draconian zombie (Crypt:2)
  9 efreet
  17 freezing wraiths
  28 tormentors (Pan)
  24 hellwings
  An entropy weaver simulacrum (Vaults:1)
  A minotaur zombie (Crypt:1)
  33 red devils
  32 demonic crawlers
  43 guardian mummies
  55 yaktaurs
  3 anaconda simulacra
  25 ice devils
  2 elves (WizLab)
  2 golden dragon simulacra
  2 trolls (shapeshifter)
  4 tengu conjurers
  8 ancient zymes
  A queen bee (Spider:3)
  2 trolls
  A jumping spider (shapeshifter) (Vaults:2)
  3 meliai (Spider:3)
  4 hydra zombies
  21 jumping spiders
  15 tyrant leeches
  4 polar bears (shapeshifter)
  A wind drake (shapeshifter) (Vaults:1)
  A silent spectre (Depths:2)
  A queen bee (shapeshifter) (Vaults:5)
  An iron troll skeleton (Crypt:2)
  15 wind drakes (Pan)
  55 saltlings
  14 hornets
  6 polar bears
  6 raiju
  4 hornets (shapeshifter)
  14 blink frogs
  A harpy skeleton (Abyss:1)
  2 blink frogs (shapeshifter)
  2 hippogriffs (shapeshifter)
  7 dream sheep
  2 alligator zombies
  19 hippogriffs
  96 slime creatures
  12 bog bodies
  2 hydra skeletons
  A redback (shapeshifter) (Vaults:3)
  A meliai zombie (D:13)
  4 ettin skeletons
  2 ettin zombies
  An alligator skeleton (Hell)
  An ice dragon skeleton (Crypt:1)
  A wyvern (shapeshifter) (Vaults:4)
  6 fire dragon skeletons (Crypt:3)
  A black mamba zombie (Abyss:3)
  18 flying skulls
  3 tarantellas (shapeshifter)
  8 water elementals
  Sigmund (D:3)
  9 spriggans
  A shapeshifter (Abyss:3)
  14 shadows
  31 yaks
  84 redbacks
  8 humans
  32 tarantellas
  49 ynoxinuls
  9 wyverns
  3 dire elephant simulacra (IceCv)
  10 fire elementals
  8 fire bats
  2 yaks (shapeshifter)
  3 hogs (D:15)
  4 hungry ghosts
  16 ushabtiu
  2 golden eyes (shapeshifter) (WizLab)
  15 golden eyes
  21 wraiths
  21 neqoxecs
  7 basilisks
  55 chaos spawn
  21 vampire mosquitoes
  3 basilisks (shapeshifter)
  A merfolk zombie (Crypt:2)
  16 insubstantial wisps
  2 spatial vortices (Abyss:1)
  5 wargs
  2 harpy simulacra (IceCv)
  A human simulacrum (Vaults:3)
  2 acid dragons (D:14)
  2 nagas (Abyss:3)
  A spiny frog zombie (Hell)
  Edmund (D:5)
  A hydra simulacrum (IceCv)
  2 hell hounds
  An acid dragon (shapeshifter) (Vaults:3)
  14 swamp worms
  15 water moccasins
  2 floating eyes (shapeshifter) (Vaults:5)
  6 porcupines
  4 floating eyes (WizLab)
  9 ice beasts
  A merfolk skeleton (Crypt:2)
  A sky beast (shapeshifter) (Vaults:2)
  5 spiny frog skeletons
  6 swamp drakes
  An infernal demonspawn skeleton (Pan)
  6 sky beasts
  39 orc warriors
  2 ettin simulacra
  11 eyes of draining
  An eye of draining (shapeshifter) (WizLab)
  An ice dragon simulacrum (Crypt:2)
  2 necrophages (Crypt:1)
  A black bear (D:12)
  5 phantoms
  A snapping turtle zombie (Hell)
  54 ogres
  7 wolves
  54 killer bees
  2 snapping turtle skeletons
  20 centaurs
  2 human skeletons
  A tengu (shapeshifter) (Depths:4)
  20 crocodiles
  5 big kobolds
  A salamander zombie (Crypt:2)
  A rime drake skeleton (Crypt:2)
  19 bullfrogs
  A fire crab zombie (Crypt:1)
  4 earth elementals
  3 gnoll sergeants (D:12)
  An elf skeleton (Hell)
  A bullfrog (shapeshifter) (Vaults:5)
  28 small abominations
  A wyvern zombie (D:10)
  A troll zombie (Tomb:2)
  A polar bear zombie (Crypt:2)
  5 scorpions
  7 wights
  9 crimson imps
  10 electric eels
  4 howler monkeys
  3 bullfrog zombies
  5 quasits
  6 centaur zombies
  18 starcursed masses (Abyss:3)
  4 hounds
  6 jellies
  21 orc priests
  3 bullfrog skeletons
  6 centaur skeletons
  37 orc wizards
  3 iron imps
  7 iguanas
  5 worker ants
  A demonspawn skeleton (Crypt:2)
  A killer bee zombie (D:6)
  An ogre zombie (Tomb:1)
  A demigod zombie (Crypt:1)
  A dwarf skeleton (Crypt:1)
  A naga skeleton (Crypt:2)
  2 hound zombies
  An ogre skeleton (Crypt:1)
  57 mummies
  9 gnolls
  8 adders
  3 shadow imps
  3 white imps
  3 ufetubi (Depths:3)
  3 oozes
  An adder zombie (D:6)
  2 adder skeletons
  2 worms (D:2)
  3 dart slugs (D:2)
  5 leopard geckos
  96 orcs
  5 giant cockroaches
  A gnoll zombie (Crypt:1)
  6 goblins
  12 hobgoblins
  4 jackals
  21 kobolds
  6 quokkas
  3 ball pythons
  12 bats
  4 frilled lizards
  A giant cockroach zombie (Crypt:1)
  A goblin skeleton (Crypt:1)
  A leopard gecko zombie (D:6)
  A quokka zombie (D:6)
  7 rats
  A crawling corpse (Vaults:5)
  2 fire vortices (Pan)
  10 starspawn tentacles
  2 tentacles (Hell)
4023 creatures vanquished.

Vanquished Creatures (collateral kills)
  Lom Lobon (Pan)
  3 pandemonium lords (Pan)
  Mnoleg (Pan)
  A Brimstone Fiend (Pan)
  Jorgrun (D:12)
  A Hell Sentinel (Pan)
  2 Executioners (Pan)
  A tentacled starspawn (Abyss:3)
  A corrupter (Pan)
  2 blood saints (Pan)
  Louise (Swamp:3)
  4 balrugs (Pan)
  10 cacodemons (Pan)
  A very ugly thing (Pan)
  2 reapers (Pan)
  The ghost of Caamor the Corrupter of Planes, a journeyman DsAK of Lugonu (Elf:1)
  A dire elephant (Lair:6)
  A green death (Pan)
  A rakshasa (Pan)
  A hell beast (Pan)
  A hydra (D:11)
  A monstrous demonspawn (Pan)
  A catoblepas (Lair:6)
  A dancing weapon (Pan)
  2 death yaks (Lair:6)
  5 soul eaters (Pan)
  3 sun demons (Pan)
  4 sixfirhies (Pan)
  3 wizards (Volcano)
  A gelid demonspawn (Pan)
  3 orc sorcerers (Orc:2)
  A toenail golem (Volcano)
  A rust devil (Pan)
  A torpor snail (Lair:6)
  6 orange demons (Pan)
  6 smoke demons (Pan)
  2 spiny frogs
  An ice devil (Pan)
  An ancient zyme (Abyss:3)
  A tormentor (Pan)
  A demonic crawler (Pan)
  3 red devils (Pan)
  A troll (D:12)
  A large abomination (Pan)
  A hornet (D:12)
  Prince Ribbit (D:6)
  A blink frog (Lair:2)
  8 ynoxinuls (Pan)
  A fire bat (Pan)
  3 yaks
  A basilisk (Lair:6)
  3 chaos spawn (Pan)
  14 neqoxecs
  A water moccasin (Lair:6)
  An ogre (D:12)
  A big kobold (D:12)
  A gnoll sergeant (D:12)
  A killer bee (D:7)
  An orc wizard (Orc:2)
  A mummy (Tomb:1)
  A gnoll (D:12)
  A ball lightning (Pan)
  2 orcs
  5 fire vortices (Pan)
137 creatures vanquished.

Vanquished Creatures (others)
  A pandemonium lord (Pan)
  2 titans (Pan)
  28 eldritch tentacles
  2 tengu reavers (Vaults:5)
  A blood saint (Pan)
  A balrug (Pan)
  A green death (Pan)
  A centaur warrior (Depths:2)
  A water nymph (Abyss:3)
  A wind drake (Pan)
  A slime creature (Slime:3)
  A redback (Spider:3)
  A tarantella (Spider:3)
  A ynoxinul (Pan)
  A vampire mosquito (Swamp:1)
  A large abomination (Abyss:3)
  3 ogres (Vaults:5)
  A boggart (Depths:2)
  A killer bee (D:7)
  15 ball lightnings (Pan)
  2 orcs
  A block of ice (Pan)
  A briar patch (Abyss:3)
  2 demonic plants (Pan)
  2 fire vortices (Pan)
  6 fungi
  A lurking horror (Abyss:3)
  4 plants
  23 starspawn tentacles
  2 tentacles (Hell)
  5 withered plants
114 creatures vanquished.

Grand Total: 4274 creatures vanquished

Notes
Turn   | Place    | Note
-------+----------+-------------------------------------------
     0 | D:1      | LSt the Octopode Transmuter began the quest for the Orb.
     0 | D:1      | Reached XP level 1. HP: 13/13 MP: 3/3
   153 | D:1      | Reached XP level 2. HP: 14/18 MP: 3/5
   166 | D:1      | Learned a level 2 spell: Sticks to Snakes
   650 | D:1      | Reached XP level 3. HP: 21/23 MP: 4/6
   660 | D:1      | Learned a level 3 spell: Spider Form
   804 | D:1      | Reached skill level 1 in Poison Magic
  1432 | D:2      | Reached XP level 4. HP: 28/28 MP: 7/7
  2117 | D:3      | Reached skill level 1 in Stealth
  2304 | D:3      | Noticed Sigmund
  2461 | D:3      | Found a blossoming altar of Fedhas.
  2461 | D:3      | Found a stormy altar of Qazlal.
  2463 | D:3      | Found an ancient bone altar of Kikubaaqudgha.
  2479 | D:3      | Reached XP level 5. HP: 33/33 MP: 4/8
  2528 | D:3      | Found a shadowy altar of Dithmenos.
  2528 | D:3      | Found a bloodstained altar of Trog.
  2548 | D:3      | Found an opulent altar of Gozag.
  2551 | D:3      | Found a shattered altar of Ashenzari.
  2811 | D:4      | Found a glowing silver altar of Zin.
  3004 | D:4      | Noticed an ogre
  3068 | D:4      | Reached skill level 5 in Transmutations
  3453 | D:4      | Reached XP level 6. HP: 38/38 MP: 5/9
  3690 | D:4      | Reached skill level 4 in Unarmed Combat
  3946 | D:4      | Reached skill level 5 in Unarmed Combat
  4050 | D:5      | Entered Level 5 of the Dungeon
  4112 | D:5      | Got an ivory spear
  4288 | D:5      | Noticed a sky beast
  4327 | D:5      | Killed a sky beast
  4327 | D:5      | Reached XP level 7. HP: 37/45 MP: 6/10
  4733 | D:5      | Noticed Edmund
  5303 | D:6      | Noticed Prince Ribbit
  5324 | D:6      | Killed Prince Ribbit
  5324 | D:6      | Reached skill level 5 in Stealth
  5507 | D:6      | Reached skill level 6 in Unarmed Combat
  5507 | D:6      | Reached XP level 8. HP: 38/51 MP: 7/11
  6363 | D:6      | Reached skill level 7 in Unarmed Combat
  6736 | D:7      | Found a staircase to the Ecumenical Temple.
  6748 | Temple   | Entered the Ecumenical Temple
  6834 | Temple   | Became a worshipper of Makhleb the Destroyer
  6893 | D:7      | Reached XP level 9. HP: 42/56 MP: 8/12
  7917 | D:8      | Identified the +5 hand axe "Plog" {vorpal, *Drain Dex+3}
  8036 | D:8      | Reached skill level 8 in Unarmed Combat
  8646 | D:8      | Found a shimmering blue altar of Sif Muna.
  8735 | D:8      | Found Zalir's Book Boutique.
  9690 | D:5      | Killed Edmund
  9737 | D:5      | Reached skill level 5 in Dodging
  9737 | D:5      | Reached XP level 10. HP: 65/65 MP: 9/13
  9965 | D:8      | Reached skill level 5 in Fighting
  9966 | D:8      | Reached * piety under Makhleb
 10255 | D:9      | Noticed a two-headed ogre
 10364 | D:8      | Killed a two-headed ogre
 10364 | D:8      | Reached skill level 9 in Unarmed Combat
 11015 | D:9      | Reached skill level 1 in Polearms
 11461 | D:9      | Noticed a centaur warrior
 11466 | D:9      | HP: 3/68 [centaur warrior (14)]
 11470 | D:9      | Killed a centaur warrior
 11965 | D:9      | Identified the ring "Zirphiva" {rElec rPois rC+ Int+6}
 12558 | D:9      | Reached ** piety under Makhleb
 12761 | D:9      | Reached skill level 1 in Invocations
 12888 | D:9      | Noticed a stone giant
 13087 | D:10     | Entered Level 10 of the Dungeon
 13192 | D:10     | Noticed Gastronok
 13328 | D:10     | Learned a level 5 spell: Blade Hands
 13331 | D:10     | Learned a level 2 spell: Blink
 13381 | D:10     | Reached XP level 11. HP: 74/74 MP: 11/14
 13960 | D:10     | Killed an unseen horror
 14330 | D:10     | Noticed an orc sorcerer
 14336 | D:10     | Killed an orc sorcerer
 14341 | D:10     | Reached skill level 10 in Transmutations
 14506 | D:10     | Noticed an orc sorcerer
 14515 | D:10     | Killed an orc sorcerer
 14612 | D:10     | Noticed a cyclops
 14615 | D:10     | Killed a cyclops
 14655 | D:10     | Noticed an orc knight
 14664 | D:10     | Killed an orc knight
 14902 | D:10     | Noticed a great orb of eyes
 15148 | D:10     | Noticed a sea snake
 15153 | D:10     | Noticed a deep troll
 15153 | D:10     | a sea snake changed into a deep troll
 15191 | D:10     | a deep troll changed into a komodo dragon
 15305 | D:10     | Noticed a lindwurm
 15305 | D:10     | a komodo dragon changed into a lindwurm
 15311 | D:10     | Killed a lindwurm
 15311 | D:10     | Reached skill level 1 in Translocations
 15690 | D:11     | Noticed a two-headed ogre
 15700 | D:11     | Reached *** piety under Makhleb
 15731 | D:11     | Killed a two-headed ogre
 16080 | D:11     | Reached skill level 10 in Unarmed Combat
 16120 | D:11     | Learned a level 3 spell: Mephitic Cloud
 16250 | D:11     | Reached skill level 1 in Conjurations
 16250 | D:11     | Reached skill level 1 in Air Magic
 16250 | D:11     | Reached skill level 5 in Invocations
 16383 | D:11     | Noticed a two-headed ogre
 16389 | D:11     | Killed a two-headed ogre
 16389 | D:11     | Reached XP level 12. HP: 73/80 MP: 10/17
 16888 | D:11     | Found a staircase to the Lair.
 17440 | D:11     | Noticed an eight-headed hydra
 17463 | D:11     | Killed an eight-headed hydra
 17793 | Lair:1   | Entered Level 1 of the Lair of Beasts
 17808 | D:11     | Learned a level 4 spell: Ice Form
 18053 | Lair:1   | Reached skill level 1 in Ice Magic
 18133 | Lair:1   | Reached skill level 5 in Spellcasting
 18622 | Lair:1   | Noticed a four-headed hydra
 18639 | Lair:1   | Killed a four-headed hydra
 18941 | Lair:2   | Found a dark tunnel.
 19151 | Lair:2   | Reached skill level 10 in Stealth
 19235 | Lair:2   | Identified the +7 spear of the Pyrrhic Victory {vamp, *Slow
                  | +Rage rC+ Str+6} (You found it on level 5 of the Dungeon)
 19379 | Volcano  | Entered a volcano
 19403 | Volcano  | Reached XP level 13. HP: 87/87 MP: 15/20
 19600 | Volcano  | Reached skill level 11 in Unarmed Combat
 19726 | Volcano  | Found the +0 Maxwell's etheric cage {RegenMP+ *Contam rElec
                  | MP+4}
 20082 | Lair:2   | Found a staircase to the Swamp.
 20977 | Lair:3   | Identified a scroll of acquirement
 20977 | Lair:3   | Identified the +4 shield of a volcano {Str-3 Int+6 Dex+5}
                  | (You acquired it on level 3 of the Lair of Beasts)
 20977 | Lair:3   | Identified the +2 hunting sling of Precise Incision {speed,
                  | rElec rN+ MR- Dex+4} (You acquired it on level 3 of the
                  | Lair of Beasts)
 22035 | Lair:4   | You fall into a shaft and drop 2 floors!
 22035 | Lair:6   | Entered Level 6 of the Lair of Beasts
 22049 | Lair:6   | Reached **** piety under Makhleb
 23070 | Lair:5   | Reached skill level 12 in Unarmed Combat
 23361 | Lair:5   | Found a staircase to the Slime Pits.
 23631 | Lair:4   | Reached XP level 14. HP: 97/97 MP: 19/21
 23775 | Lair:4   | Noticed Urug
 23799 | Lair:4   | Killed Urug
 24205 | Lair:4   | Reached skill level 10 in Fighting
 24207 | Lair:4   | Reached ***** piety under Makhleb
 24348 | Lair:4   | Found a hole to the Spider Nest.
 24381 | Lair:4   | Identified the Papyrus of Malediction
 25378 | Lair:6   | HP: 4/99 [poisoned by a water moccasin]
 25383 | Lair:6   | HP: 3/99 [poisoned by a water moccasin]
 25388 | Lair:6   | HP: 2/99 [poisoned by a water moccasin]
 25396 | Lair:6   | HP: 2/99 [poisoned by a water moccasin]
 25403 | Lair:5   | HP: 2/99 [poisoned by a water moccasin]
 26282 | Lair:6   | Noticed a dire elephant
 26301 | Lair:6   | Killed a dire elephant
 27295 | D:9      | Killed a stone giant
 27295 | D:9      | Reached skill level 1 in Evocations
 27620 | D:9      | Identified the ring "Edatt" {rF+ rN+ Slay+3} (You found it
                  | on level 9 of the Dungeon)
 27664 | D:9      | Reached skill level 10 in Invocations
 27987 | D:8      | Bought a book of Geomancy for 420 gold pieces
 27990 | D:8      | Learned a level 2 spell: Passwall
 28616 | D:3      | Killed Sigmund
 28693 | D:3      | Found a faded altar of an unknown god.
 29154 | D:10     | Identified the ring of the Equinox {Dex+4 Stlth-} (You
                  | found it on level 10 of the Dungeon)
 29480 | D:10     | Killed Gastronok
 30144 | D:12     | Noticed Jorgrun
 30164 | D:12     | Killed Jorgrun
 30266 | D:12     | Reached XP level 15. HP: 105/105 MP: 19/24
 30552 | D:12     | Found a portal to a secret trove of treasure.
 30585 | Trove    | Entered a treasure trove
 30609 | Trove    | Identified Sif Muna's Tome of the Unholy Rocks
 30611 | Trove    | Identified the Reference Book on Weightlessness
 30615 | Trove    | Identified Sif Muna's Disquisition on Lethal Poison
 30641 | Trove    | Got a scintillating amber ring
 30695 | D:12     | Identified the ring "Omac" {rPois Int+2} (You found it in a
                  | treasure trove)
 30704 | D:12     | Reached XP level 16. HP: 110/110 MP: 25/25
 30800 | D:12     | Found a staircase to the Orcish Mines.
 30909 | D:12     | You fall into a shaft and drop 2 floors!
 31333 | D:12     | Got a twitching ruby amulet
 31334 | D:12     | Identified the amulet of Lesaub {rElec Regen+ Slay+3
                  | Stlth+} (You found it on level 12 of the Dungeon)
 31861 | Orc:1    | Entered Level 1 of the Orcish Mines
 32994 | D:13     | Found a gate to the Vaults.
 33547 | D:13     | Found a runed translucent gate.
 33547 | D:13     | Found a runed translucent gate.
 33547 | D:13     | Found a runed translucent gate.
 33550 | D:13     | Noticed Zarkath's ghost (journeyman TeFE)
 33550 | D:13     | Noticed Bisurr's ghost (journeyman MiBe)
 33550 | D:13     | Noticed Huitotooss's ghost (journeyman FoVM)
 34418 | D:14     | Noticed Josephine
 34429 | D:14     | Killed Josephine
 34931 | D:15     | Entered Level 15 of the Dungeon
 35060 | D:15     | Learned a level 6 spell: Statue Form
 35449 | D:15     | Noticed Kirke
 35461 | D:15     | Killed Kirke
 36059 | D:15     | Found a staircase to the Depths.
 36314 | D:10     | Identified the cursed +3 scimitar "Uleont Woene" {freeze,
                  | MR+ Int-5 Dex+5} (You found it on level 10 of the Dungeon)
 37038 | Orc:2    | Entered Level 2 of the Orcish Mines
 37998 | Orc:2    | Found Uschoam's Weapon Shoppe.
 37998 | Orc:2    | Found Qygroc's General Store.
 37999 | Orc:2    | Found Odudo's Antique Weapon Emporium.
 38002 | Orc:2    | Found Necseorgh's Distillery.
 38289 | Orc:2    | Found a staircase to the Elven Halls.
 38291 | Orc:2    | Found Wemu's Magic Scroll Shoppe.
 38528 | Orc:2    | Bought a phantom mirror for 420 gold pieces
 38530 | Orc:2    | Bought 2 potions of heal wounds for 130 gold pieces
 38559 | Orc:2    | Bought a scroll of blinking for 112 gold pieces
 38559 | Orc:2    | Bought a scroll of fear for 52 gold pieces
 38559 | Orc:2    | Bought a scroll of blinking for 112 gold pieces
 38732 | Swamp:1  | Entered Level 1 of the Swamp
 38856 | Swamp:1  | Learned a level 4 spell: Petrify
 40169 | Swamp:2  | Reached XP level 17. HP: 116/116 MP: 21/27
 40631 | Swamp:2  | Reached skill level 13 in Unarmed Combat
 41532 | Swamp:3  | Noticed Louise
 41542 | Swamp:3  | Killed Louise
 41884 | Swamp:3  | Reached skill level 10 in Dodging
 42307 | Swamp:4  | Entered Level 4 of the Swamp
 42616 | Swamp:4  | Reached skill level 14 in Unarmed Combat
 43083 | Swamp:4  | Reached skill level 15 in Unarmed Combat
 43198 | Swamp:4  | Reached XP level 18. HP: 126/126 MP: 28/28
 43255 | Swamp:4  | Got a decaying rune of Zot
 43267 | Swamp:4  | Upgraded the game from 0.25-a0-458-g6fc7858b95 to
                  | 0.25-a0-460-g4f2eb97ec1
 43500 | Spider:1 | Entered Level 1 of the Spider Nest
 43852 | Spider:1 | Reached ****** piety under Makhleb
 46619 | Spider:4 | Entered Level 4 of the Spider Nest
 49044 | Spider:4 | Reached XP level 19. HP: 133/133 MP: 1/30
 49187 | Spider:4 | Reached skill level 15 in Invocations
 49461 | Spider:4 | Got a gossamer rune of Zot
 49864 | Elf:1    | Entered Level 1 of the Elven Halls
 49967 | Elf:1    | Reached skill level 1 in Crossbows
 50293 | Elf:1    | Found a large runed translucent door.
 50294 | Elf:1    | Found a large runed translucent door.
 50296 | Elf:1    | Noticed Caamor's ghost (journeyman DsAK)
 50302 | Elf:1    | Found a shimmering blue altar of Sif Muna.
 50315 | Elf:1    | Noticed Roxanne
 50366 | Elf:1    | Found Hiepipru's Gadget Boutique.
 50368 | Elf:1    | Noticed Agnes
 50381 | Elf:1    | Killed Agnes
 50548 | Elf:1    | Noticed Nikola
 50560 | Elf:1    | Killed Nikola
 50927 | Elf:1    | Reached skill level 16 in Unarmed Combat
 50938 | Elf:1    | Learned a level 5 spell: Alistair's Intoxication
 51811 | Elf:1    | Identified Vehumet's Almanac of Attacks
 52430 | Elf:1    | Found Hiepipru's Gadget Boutique.
 52591 | Elf:1    | Found a shimmering blue altar of Sif Muna.
 53418 | Elf:2    | Found Besuh's Magic Scroll Shoppe.
 53500 | Elf:2    | Bought a scroll of blinking for 105 gold pieces
 53500 | Elf:2    | Bought a scroll of acquirement for 728 gold pieces
 53853 | Swamp:4  | Identified the +1 triple crossbow "Cewoahie" {vorpal,
                  | Int+4} (You acquired it on level 4 of the Swamp)
 53853 | Swamp:4  | Identified the ring "Qeihaz" {AC+6 Dex+3} (You acquired it
                  | on level 4 of the Swamp)
 53853 | Swamp:4  | Identified the Almanac of Dislocation and Beguiling (You
                  | acquired it on level 4 of the Swamp)
 54717 | Elf:2    | Found Huovy's Antique Weapon Emporium.
 54744 | Elf:2    | Found Hikk's Armour Shop.
 54818 | Elf:2    | Found a huge runed translucent gate.
 54818 | Elf:2    | Found a huge runed translucent gate.
 54818 | Elf:2    | Found a huge runed translucent gate.
 55171 | Elf:2    | Found a huge runed translucent gate.
 55171 | Elf:2    | Found a huge runed translucent gate.
 55551 | Elf:2    | Reached skill level 5 in Crossbows
 55778 | Elf:2    | Reached XP level 20. HP: 141/141 MP: 32/32
 56139 | Elf:2    | Bought a smoking battleaxe for 276 gold pieces
 56139 | Elf:2    | Identified the cursed +1 battleaxe of Uncertain Death
                  | {speed, +Inv rC+ MR+ MP-9} (You bought it in a shop on
                  | level 2 of the Elven Halls)
 56224 | Elf:3    | Entered Level 3 of the Elven Halls
 56273 | Elf:3    | Noticed Asterion
 56334 | Elf:3    | Found Poorch's Magic Scroll Emporium.
 56602 | Elf:3    | Found a frozen archway.
 56626 | IceCv    | Entered an ice cave
 56914 | IceCv    | Found the -2 hat of the Alchemist {rElec rPois rF+ rC+ rN+
                  | MR+ rMut rCorr}
 57611 | Elf:3    | Killed Asterion
 59032 | Elf:3    | Reached skill level 17 in Unarmed Combat
 59613 | Elf:3    | Reached skill level 15 in Stealth
 59732 | Elf:3    | Identified the amulet of the Evening {RegenMP +Inv Str-3
                  | Int+3 Dex+4}
 60169 | Elf:3    | Identified the amulet "Pikiomm" {Regen+ Dex+6}
 60220 | Elf:3    | Identified the Volume of Stones and the Snowflakes
 60347 | Elf:3    | Identified the cursed +2 spear of Seas {venom, +Fly rPois
                  | Dex+2} (You found it on level 3 of the Elven Halls)
 60363 | Elf:3    | Identified the +6 spear of Destiny {distort, *Contam +Inv
                  | rF+} (You found it on level 3 of the Elven Halls)
 60392 | Elf:3    | Identified the +4 whip "Tiaps" {elec, *Slow +Fly MP+9 Int-4
                  | Dex+4} (You found it on level 3 of the Elven Halls)
 60495 | Elf:3    | Found Poorch's Magic Scroll Emporium.
 61373 | D:13     | Killed Zarkath's ghost
 61374 | D:13     | Killed Huitotooss's ghost
 61377 | D:13     | Killed Bisurr's ghost
 61449 | Vaults:1 | Entered Level 1 of the Vaults
 61484 | Vaults:1 | Reached XP level 21. HP: 149/149 MP: 33/33
 61491 | Vaults:1 | Reached skill level 10 in Crossbows
 61555 | Vaults:1 | Found a ruined gateway.
 61567 | Desolati | Entered the Desolation of Salt
 61670 | Desolati | Got an iridescent triple crossbow
 61672 | Desolati | Got a brightly glowing dagger
 61678 | Desolati | Got a wavering lapis lazuli ring
 61679 | Desolati | Identified the ring "Neg Lun" {rF- rC+ rN+++ Dex+7} (You
                  | found it in the Desolation of Salt)
 61690 | Desolati | Identified the +1 triple crossbow "Fesoheju" {elec, rN++}
                  | (You found it in the Desolation of Salt)
 62059 | Desolati | Identified the ring of Xydugua {rN++ Int+2 Dex+3 Stlth+}
 62128 | Desolati | Identified Buybryh's Grimoire of Blistering Dislocation
 62130 | Desolati | Identified Ged Moh's Grimoire of Ashen Confrontation
 62136 | Desolati | Identified the ring of Osamer {+Fly rElec rN+ Str+5 Int-3}
                  | (You found it in the Desolation of Salt)
 62139 | Desolati | Identified the amulet "Vapsoxt" {Spirit Int+8} (You found
                  | it in the Desolation of Salt)
 62301 | Desolati | Identified the amulet of Cigohalu {Faith rElec MR+} (You
                  | found it in the Desolation of Salt)
 62307 | Desolati | Identified the ring of Tender Moments {+Blink rC- Dex+3
                  | SInv} (You found it in the Desolation of Salt)
 62339 | Desolati | Got a shimmering platinum ring
 62340 | Desolati | Identified the ring of Tatupofa {Wiz +Fly rC+ Int+3 Dex-3}
                  | (You found it in the Desolation of Salt)
 63857 | Vaults:1 | Reached skill level 15 in Fighting
 64153 | Vaults:1 | Noticed Donald
 64170 | Vaults:1 | Killed Donald
 64455 | Vaults:2 | Reached skill level 18 in Unarmed Combat
 64682 | Vaults:2 | Reached XP level 22. HP: 158/158 MP: 29/34
 64771 | Vaults:2 | Found Fais's Weapon Emporium.
 64970 | Vaults:2 | Found a staircase to the Crypt.
 64993 | Vaults:2 | Noticed Jory
 65271 | Vaults:2 | Killed Jory
 65959 | Vaults:3 | Found a magical portal.
 65982 | Vaults:3 | Found a flickering gateway to a bazaar.
 66017 | Bazaar   | Entered a bazaar
 66021 | Bazaar   | Found Wamorphu's General Store.
 66029 | Bazaar   | Found Rynonab's Jewellery Boutique.
 66040 | Bazaar   | Found Huudduiz's Antique Weapon Emporium.
 66051 | Bazaar   | Found Uthrik's Distillery.
 66060 | Bazaar   | Found Soqeawn's Antique Armour Shop.
 66076 | Bazaar   | Bought a potion of heal wounds for 45 gold pieces
 66076 | Bazaar   | Bought a potion of haste for 90 gold pieces
 66076 | Bazaar   | Bought a potion of curing for 27 gold pieces
 66076 | Bazaar   | Bought 2 potions of magic for 144 gold pieces
 66098 | Bazaar   | Bought the ring of Ru's Righteous Anger {rF+ rC+ Int+5} for
                  | 495 gold pieces
 66387 | WizLab   | Reached skill level 19 in Unarmed Combat
 66770 | WizLab   | Paralysed by a floating eye for 3 turns
 66800 | WizLab   | Got a faintly glowing bone ring
 66801 | WizLab   | Identified the ring "Muenec" {rF+ MP+9 Int+4 Stlth+} (You
                  | found it in a wizard's laboratory)
 66955 | WizLab   | Identified Cigotuvi's Tome of Moulding and Dark Rituals
 66964 | WizLab   | Identified the Collected Works on Changing
 67307 | Vaults:3 | Found a large runed translucent door.
 67307 | Vaults:3 | Found a large runed translucent door.
 67308 | Vaults:3 | Noticed walterwhite's ghost (adept DDFi)
 67802 | Vaults:3 | Reached XP level 23. HP: 167/167 MP: 29/35
 69773 | Crypt:1  | Entered Level 1 of the Crypt
 70750 | Crypt:2  | Reached skill level 20 in Unarmed Combat
 72014 | Depths:1 | Entered Level 1 of the Depths
 72017 | Depths:1 | Reached XP level 24. HP: 177/177 MP: 30/35
 72091 | Depths:1 | Reached skill level 5 in Translocations
 72662 | Depths:1 | Found a snail-covered altar of Cheibriados.
 72666 | Depths:1 | Found a gateway to Hell.
 72713 | Depths:1 | Reached skill level 10 in Translocations
 73116 | Depths:2 | Found a one-way gate to the infinite horrors of the Abyss.
 73139 | Depths:2 | Noticed the Enchantress
 73145 | Depths:1 | Killed the Enchantress
 73552 | Depths:2 | Identified the +8 spear "Annuz" {drain, +Rage rC- Dex+6}
 73778 | Depths:2 | Found a transporter.
 73793 | Depths:2 | Found a transporter.
 73977 | Depths:2 | Noticed a juggernaut
 73980 | Depths:2 | Found a bloodstained altar of Trog.
 73981 | Depths:2 | Found the +8 Wrath of Trog {antimagic, *Rage}
 74018 | Depths:2 | Learned a level 7 spell: Malign Gateway
 74060 | Depths:3 | Reached skill level 1 in Summonings
 74212 | Depths:3 | Reached skill level 5 in Summonings
 74544 | Depths:3 | Found a one-way gate leading to the halls of Pandemonium.
 74672 | Depths:3 | Reached XP level 25. HP: 183/183 MP: 35/35
 75507 | Depths:4 | Reached skill level 15 in Translocations
 76086 | Depths:4 | Noticed a juggernaut
 76101 | Depths:4 | Killed a juggernaut
 76107 | Depths:4 | Identified the ring "Pyhosse" {Str+5 Dex+3}
 76807 | Depths:5 | Entered Level 5 of the Depths
 76831 | Depths:5 | Noticed Frederick
 76844 | Depths:5 | Killed Frederick
 76845 | Depths:5 | Noticed Margery
 76849 | Depths:5 | Killed Margery
 77504 | Depths:5 | Noticed Mennas
 77534 | Depths:5 | Killed Mennas
 77876 | Depths:5 | Found a gate to the Realm of Zot.
 78191 | Depths:3 | Reached XP level 26. HP: 189/189 MP: 35/36
 78202 | Depths:3 | Identified the cursed +1 flail of Wyrd {venom, Dex+9}
 78277 | Depths:3 | Identified the ring "Odarikom" {AC+5 Int+2 Dex+2} (You
                  | found it on level 3 of the Depths)
 78321 | Depths:3 | Identified the +8 trident "Wuli" {freeze, +Blink} (You
                  | found it on level 3 of the Depths)
 78402 | Depths:2 | Found a runed translucent door.
 78415 | Depths:2 | Killed a juggernaut
 78488 | Depths:2 | Got a fine silver ring
 78489 | Depths:2 | Identified the ring of the Centipede {+Blink MP+9 Str+6
                  | Dex-4} (You found it on level 2 of the Depths)
 78546 | Depths:2 | Identified the +6 double sword of Upheaval {venom, Dex+4}
                  | (You found it on level 2 of the Depths)
 78623 | Depths:2 | Learned a level 8 spell: Controlled Blink
 78942 | Crypt:3  | Entered Level 3 of the Crypt
 79618 | Crypt:3  | Identified Zaul's Almanac of Dark Rituals
 80058 | Crypt:3  | Noticed Saint Roka
 80130 | Crypt:3  | Killed Saint Roka
 80324 | Crypt:3  | Found a staircase to the Tomb.
 80326 | Crypt:3  | Noticed an ancient lich
 80334 | Crypt:3  | Killed an ancient lich
 80338 | Crypt:3  | Noticed an ancient lich
 80348 | Crypt:3  | Killed an ancient lich
 80369 | Crypt:3  | Identified the +11 arbalest of Youthful Indiscretion
                  | {vorpal, -Tele rN+ Stlth+} (You found it on level 3 of the
                  | Crypt)
 80976 | Elf:1    | Killed Roxanne
 81027 | Elf:1    | Killed Caamor's ghost
 81241 | D:13     | Identified LSt's Incunabulum of the Entourage and
                  | Conjuration (You acquired it on level 13 of the Dungeon)
 81414 | Vaults:3 | Killed walterwhite's ghost
 81543 | Vaults:5 | Entered Level 5 of the Vaults
 81636 | Vaults:4 | Reached XP level 27. HP: 197/197 MP: 29/36
 81875 | Vaults:5 | Reached skill level 15 in Dodging
 81927 | Vaults:5 | Noticed an ancient lich
 81936 | Vaults:5 | Killed an ancient lich
 82436 | Vaults:5 | Noticed an ancient lich
 82521 | Vaults:4 | Reached skill level 21 in Unarmed Combat
 82685 | Vaults:4 | Killed an ancient lich
 82863 | Vaults:5 | Identified Qanop's Compendium of Captivating Displacement
 82923 | Vaults:5 | Got a silver rune of Zot
 83428 | Vaults:5 | Identified the +12 broad axe of Ahigom {freeze, MR+ Int+2}
 83449 | Vaults:5 | Found Dyalelul's Magic Scroll Shoppe.
 83639 | Vaults:5 | Identified the Guide on Enthralling Dark Rituals
 83672 | Vaults:5 | Learned a level 3 spell: Portal Projectile
 84032 | Vaults:5 | Bought a scroll of acquirement for 832 gold pieces
 84331 | Hell     | Entered the Vestibule of Hell
 84331 | Hell     | Noticed Geryon
 84343 | Hell     | Killed Geryon
 84407 | Hell     | Reached skill level 15 in Crossbows
 84516 | Hell     | Found a gateway to the Iron City of Dis.
 84756 | Hell     | Found a gateway to the freezing wastes of Cocytus.
 84974 | Hell     | Found a gateway to the decaying netherworld of Tartarus.
 85215 | Hell     | Found a gateway to the ashen valley of Gehenna.
 85356 | Depths:2 | Voluntarily entered the Abyss.
 85395 | Abyss:1  | Found a viscous altar of Jiyva.
 85713 | Abyss:2  | Found an iron altar of Okawaru.
 85927 | Abyss:3  | Got an abyssal rune of Zot
 86620 | Depths:2 | Escaped the Abyss
 86630 | Depths:2 | Learned a level 6 spell: Shadow Creatures
 86856 | Slime:1  | Entered Level 1 of the Pits of Slime
 86856 | Slime:1  | Found a viscous altar of Jiyva.
 87144 | Slime:5  | Entered Level 5 of the Pits of Slime
 87986 | Slime:5  | Noticed the Royal Jelly
 88173 | Slime:5  | Found a viscous altar of Jiyva.
 88206 | Slime:5  | Killed the Royal Jelly
 88475 | Slime:5  | Got an ancient marble ring
 88476 | Slime:5  | Identified the ring of Cagawats {rElec rPois MP-9 Str+2
                  | Stlth+} (You found it on level 5 of the Pits of Slime)
 88495 | Slime:5  | Got a slimy tin ring
 88496 | Slime:5  | Identified the ring "Eragecen" {*Slow rElec rPois AC+1
                  | Slay+5} (You found it on level 5 of the Pits of Slime)
 88518 | Slime:5  | Got a warped lead ring
 88519 | Slime:5  | Identified the ring of Fujamoo {rC+ Int+5} (You found it on
                  | level 5 of the Pits of Slime)
 88532 | Slime:5  | Got a slimy rune of Zot
 90219 | Pan      | Entered Pandemonium
 90255 | Pan      | Reached skill level 10 in Summonings
 91389 | Pan      | Gained mutation: Your magical capacity is low. (-10% MP) [a
                  | cacodemon]
 91940 | Pan      | Noticed Zolotzoys the pandemonium lord
 92126 | Pan      | Lost mutation: Your magical capacity is low. (-10% MP)
                  | [potion of mutation]
 92126 | Pan      | Gained mutation: You are agile. (Dex +2) [potion of
                  | mutation]
 92126 | Pan      | Gained mutation: You are resistant to hostile enchantments.
                  | (MR+) [potion of mutation]
 92126 | Pan      | Gained mutation: Your body sometimes deteriorates upon
                  | taking damage. [potion of mutation]
 92126 | Pan      | Gained mutation: Your spells are a little harder to cast,
                  | but a little more powerful. [potion of mutation]
 92306 | Pan      | Got a demonic rune of Zot
 92934 | Pan      | Found a transporter.
 92955 | Pan      | Found a transporter.
 93474 | Pan      | Found an exit through the horrors of the Abyss.
 93894 | Pan      | Got a clouded bronze ring
 93895 | Pan      | Identified the ring "Nonn" {rElec rPois rF+ Str+2 Dex-4}
                  | (You found it in Pandemonium)
 93992 | Pan      | Identified LSt's Catalogue of Orientation (You acquired it
                  | in Pandemonium)
 93992 | Pan      | Identified the amulet of Brilliance {Faith rF+ rC+++ MP-9
                  | Dex+2} (You acquired it in Pandemonium)
 94275 | Pan      | Identified the Almanac of Ashen Transformation
 94503 | Pan      | Noticed Xeochoy the pandemonium lord
 94895 | Pan      | Killed Xeochoy the pandemonium lord
 95200 | Pan      | Reached skill level 22 in Unarmed Combat
 96533 | Pan      | Noticed Yfruso Xaetz the pandemonium lord
 96555 | Pan      | Killed Yfruso Xaetz the pandemonium lord
 96555 | Pan      | Reached skill level 10 in Spellcasting
 97148 | Pan      | Found an exit through the horrors of the Abyss.
 98045 | Pan      | Identified the cursed ring "Niustrumu" {rC- MR++ Int+3
                  | Dex-2 SInv}
 98102 | Pan      | Upgraded the game from 0.25-a0-460-g4f2eb97ec1 to
                  | 0.25-a0-464-g3004169c2b
 98451 | Pan      | Noticed Faweokup the pandemonium lord
 98464 | Pan      | Killed Faweokup the pandemonium lord
 98870 | Pan      | Reached skill level 23 in Unarmed Combat
 99749 | Pan      | Noticed Toyrysh the pandemonium lord
 99759 | Pan      | Killed Toyrysh the pandemonium lord
100273 | Pan      | Got a slimy ruby amulet
100274 | Pan      | Identified the amulet "Qeimoa" {Acrobat *Slow rN+++ Int-3
                  | Dex+2} (You found it in Pandemonium)
100276 | Pan      | Got a fine bone amulet
100277 | Pan      | Identified the amulet of the Thistle {Reflect Fragile Dex+5
                  | SH+2} (You found it in Pandemonium)
100961 | Pan      | Noticed Ete Neff the pandemonium lord
100976 | Pan      | Killed Ete Neff the pandemonium lord
101357 | Pan      | Reached skill level 24 in Unarmed Combat
101512 | Pan      | Identified the Grimoire of Earthen Good Luck
102200 | Pan      | Noticed Obliem the pandemonium lord
102850 | Pan      | Killed Obliem the pandemonium lord
103669 | Pan      | Noticed Elall the pandemonium lord
103761 | Pan      | Entered the realm of Cerebov.
103791 | Pan      | Found an exit through the horrors of the Abyss.
104001 | Pan      | Reached skill level 25 in Unarmed Combat
104451 | Pan      | Identified the +6 sword of Cerebov {flame}
104451 | Pan      | Noticed Cerebov
104463 | Pan      | Identified the +7 quarterstaff "Ahiykleq" {elec, rPois}
104463 | Pan      | Identified the +0 robe of Hairiness {rElec rC+ Str+4 Dex-3}
105324 | Pan      | Killed Cerebov
105356 | Pan      | Got a brightly glowing bronze ring
105357 | Pan      | Identified the ring "Cacsehuzot" {*Slow rPois Str+5 Dex+3
                  | Stlth+} (You found it in Pandemonium)
105407 | Pan      | Identified Qustef's Rites and Rhymes in Simple Steps
105425 | Pan      | Identified the +7 hand axe "Naewk" {freeze, -Tele rElec
                  | Str+8 Int+6} (You found it in Pandemonium)
105753 | Pan      | Got a fiery rune of Zot
105837 | Depths:3 | Escaped Pandemonium
105922 | Depths:5 | Found a gateway to a ziggurat.
106277 | Vaults:5 | Bought a scroll of blinking for 120 gold pieces
106277 | Vaults:5 | Bought a scroll of teleportation for 48 gold pieces
106689 | Pan      | Entered the realm of Mnoleg.
106689 | Pan      | Entered Pandemonium
106756 | Pan      | Found an exit through the horrors of the Abyss.
107120 | Pan      | Learned a level 5 spell: Aura of Abjuration
107397 | Pan      | Noticed Mnoleg
107419 | Pan      | Killed Mnoleg
107476 | Pan      | Got a glowing rune of Zot
107640 | Pan      | Took an exit into the Abyss.
107640 | Abyss:1  | Escaped into the Abyss
107889 | Depths:3 | Escaped the Abyss
107895 | Pan      | Entered Pandemonium
107919 | Pan      | Found an exit through the horrors of the Abyss.
107964 | Pan      | Noticed Fanar the pandemonium lord
108259 | Pan      | Entered the realm of Lom Lobon.
109855 | Pan      | Noticed Lom Lobon
109884 | Pan      | Killed Lom Lobon
110223 | Pan      | Got a magical rune of Zot
110363 | Depths:3 | Escaped Pandemonium
110511 | Pan      | Entered Pandemonium
110631 | Pan      | Reached skill level 26 in Unarmed Combat
110690 | Pan      | Found an exit through the horrors of the Abyss.
110831 | Pan      | Entered the realm of Gloorx Vloq.
110970 | Pan      | Found an exit through the horrors of the Abyss.
111855 | Pan      | Reached skill level 5 in Evocations
111895 | Pan      | Noticed Gloorx Vloq
112110 | Pan      | Killed Gloorx Vloq
112128 | Pan      | Got a dark rune of Zot
112366 | Pan      | Took an exit into the Abyss.
112366 | Abyss:1  | Escaped into the Abyss
112436 | Depths:3 | Escaped the Abyss
112826 | Tomb:1   | Entered Level 1 of the Tomb of the Ancients
112958 | Tomb:1   | Noticed a greater mummy
112961 | Tomb:1   | Noticed Khufu
113387 | Tomb:1   | Killed a greater mummy
113468 | Tomb:1   | Killed Khufu
113589 | Tomb:1   | Found the +18 shield of the Gong {rElec rN+ MR+ EV-5}
113626 | Tomb:1   | Noticed a greater mummy
113642 | Tomb:1   | Killed a greater mummy
113713 | Tomb:1   | Noticed a greater mummy
113727 | Tomb:1   | Killed a greater mummy
113755 | Tomb:1   | Reached skill level 15 in Transmutations
113775 | Tomb:1   | Identified the +9 falchion of Karma {chaos, rF+ Dex+2}
114209 | Tomb:2   | Noticed a greater mummy
114216 | Tomb:2   | Killed a greater mummy
114305 | Tomb:2   | Noticed a greater mummy
114310 | Tomb:2   | Noticed a greater mummy
114326 | Tomb:2   | Killed a greater mummy
114340 | Tomb:2   | Killed a greater mummy
114461 | Tomb:2   | Noticed a greater mummy
114471 | Tomb:2   | Killed a greater mummy
114812 | Tomb:1   | Noticed a greater mummy
114817 | Tomb:1   | Noticed a greater mummy
114823 | Tomb:1   | Killed a greater mummy
114823 | Tomb:1   | Reached skill level 10 in Evocations
114833 | Tomb:1   | Killed a greater mummy
114876 | Tomb:1   | Noticed a greater mummy
114885 | Tomb:1   | Killed a greater mummy
114950 | Tomb:1   | Noticed a greater mummy
114971 | Tomb:1   | Killed a greater mummy
115015 | Tomb:1   | Noticed a greater mummy
115020 | Tomb:1   | Noticed a greater mummy
115028 | Tomb:1   | Killed a greater mummy
115032 | Tomb:1   | Killed a greater mummy
115094 | Tomb:1   | Noticed a greater mummy
115108 | Tomb:1   | Noticed a greater mummy
115111 | Tomb:1   | Killed a greater mummy
115113 | Tomb:1   | Killed a greater mummy
115152 | Tomb:1   | Noticed a greater mummy
115167 | Tomb:1   | Killed a greater mummy
115167 | Tomb:1   | Reached skill level 27 in Unarmed Combat
115291 | Tomb:1   | Noticed a greater mummy
115298 | Tomb:1   | Noticed a greater mummy
115304 | Tomb:1   | Killed a greater mummy
115310 | Tomb:1   | Killed a greater mummy
115476 | Tomb:1   | Noticed a greater mummy
115486 | Tomb:1   | Killed a greater mummy
115561 | Tomb:1   | Noticed a greater mummy
115562 | Tomb:1   | Noticed a greater mummy
115567 | Tomb:1   | Killed a greater mummy
115571 | Tomb:1   | Killed a greater mummy
115579 | Tomb:1   | Noticed a greater mummy
115588 | Tomb:1   | Killed a greater mummy
115666 | Tomb:1   | Noticed a greater mummy
115674 | Tomb:1   | Killed a greater mummy
116174 | Tomb:3   | Entered Level 3 of the Tomb of the Ancients
116230 | Tomb:3   | Noticed a greater mummy
116232 | Tomb:3   | Noticed a greater mummy
116253 | Tomb:3   | Killed a greater mummy
116256 | Tomb:3   | Killed a greater mummy
116284 | Tomb:3   | Noticed a greater mummy
116284 | Tomb:3   | Noticed a greater mummy
116285 | Tomb:3   | HP: 10/312 [something (8)]
116286 | Tomb:3   | Noticed a greater mummy
116287 | Tomb:3   | Noticed a greater mummy
116294 | Tomb:3   | HP: 11/325 [greater mummy (7)]
116296 | Tomb:3   | Noticed a greater mummy
116297 | Tomb:3   | Noticed a greater mummy
116298 | Tomb:3   | Slain by an emperor scorpion

Levels and vault maps discovered:
D:1:      saegor_arrival_miasma, layout_rooms, minmay_misc_feat_encased,
          minmay_cut_off
D:2:      minmay_spotlight, layout_basic, grunt_ministairs_11
D:3:      layout_basic, minitemple, first_ration,
          chequers_ecumenical_altar_grove, minivault_23, uniq_sigmund
D:4:      layout_basic, zin_statuary, serial_rivers,
          chequers_serial_rivers_micro_e, chequers_serial_rivers_small_a,
          chequers_serial_rivers_micro_a, chequers_serial_rivers_small_b,
          chequers_serial_rivers_micro_b
D:5:      layout_loops_cross, uniq_edmund
D:6:      minmay_bubble_buster, layout_basic, st_stairs_12,
          grunt_decor_arrowhead, uniq_prince_ribbit1
D:7:      minmay_klotski, layout_basic, minmay_temple_entry_junction_2,
          grunt_ogre_cave, hangedman_abyss_or_decor_passed
D:8:      layout_basic, kennysheep_mini, serial_shops, nicolae_shop_crystal,
          minmay_misc_feat_doors, kennysheep_just_a_vault
D:9:      layout_stronghold, minmay_evil_grid
D:10:     statuecave_lemuel, layout_basic, minmay_the_grid_2x2
          [minmay_the_grid_embedded, minmay_the_grid_garden,
          minmay_the_grid_tri_star, minmay_the_grid_prize_big_room],
          uniq_gastronok
D:11:     layout_roguey, lair_entry_dummy
D:12:     layout_small_grid, kennysheep_orc_monster_closet_entryway,
          serial_co_window_serial, co_window_paths_a, co_window_corner_a,
          co_window_corner_a, co_window_paths_b, co_window_paths_a,
          co_window_paths_b, co_window_corner_b, co_window_of_opportunity_b,
          co_window_of_opportunity_b, co_window_corner_cb, co_window_4corner_a,
          glass_columns_a, glass_columns_c, glass_columns_c, glass_columns_a,
          glass_columns_a, nicolae_trove_entry_path_of_doom, uniq_jorgrun
D:13:     layout_gridville, david_vaults_2, gammafunk_ghost_cemetery
D:14:     layout_long_grid, minmay_misc_feat_hallway, uniq_josephine
D:15:     grunt_enter_depths_hoard, layout_basic, chequers_serial_rivers_room_b,
          uniq_kirke
Temple:   dshaligram_water_room_temple
Lair:1:   layout_gridlike, minivault_25, serial_bayou_lagoon_b,
          grunt_megastairs_2
Lair:2:   layout_gridlike, nicolae_swamp_entry_splash_gauntlet, enter_volcano_2,
          lemuel_fruit_tree
Lair:3:   layout_layer_cave, serial_rivers, chequers_serial_rivers_large_b,
          chequers_serial_rivers_room_b, chequers_serial_rivers_small_3,
          chequers_serial_rivers_small_3
Lair:4:   layout_misc_corridors, nicolae_spider_entry_orb_guardian,
          minivault_24, grunt_megastairs_4, uniq_urug
Lair:5:   beast_lair_carwin_large_3, layout_regular_city,
          minmay_slime_entry_eyes
Lair:6:   hangedman_lair_in_review, layout_regular_city
Swamp:1:  layout_basic_swamp, evilmike_swamp_ruin_rubble_1,
          cheibrodos_swamp_kobolds
Swamp:2:  layout_falls_marsh, serial_swamp_ruin, evilmike_swamp_ruin_house_4,
          evilmike_swamp_ruin_house_6
Swamp:3:  layout_falls_marsh, hangedman_swamp_ruin_wall, swamp_pool5,
          uniq_louise
Swamp:4:  swamp_vile, layout_basic_swamp, swamp_pool1, hangedman_swamp_dais,
          infiniplex_staircase_pool_2
Spider:1: layout_spider_delve, hangedman_spider_mandibles
Spider:2: layout_chambers
Spider:3: layout_spider_delve, special_room [special_room_bee]
Spider:4: grunt_spider_rune_parallel
Slime:1:  layout_caves, basic_altar
Slime:2:  layout_caves
Slime:3:  layout_caves
Slime:4:  cheibrodos_slime_lost_civilization_9, layout_caves
Slime:5
Orc:1:    layout_caves
Orc:2:    st_orc_mages, layout_caves, serial_shops, nicolae_shop_trees
Elf:1:    elf_arrival_001, layout_loops_corners, serial_shops, shop,
          basic_altar, ebering_ghost_disaster_area, minmay_elf_annihilation,
          statue_in_the_mist_lemuel, amethyst_killhole, uniq_agnes,
          uniq_roxanne, uniq_nikola
Elf:2:    layout_onion_city, serial_shops, shop, nicolae_shop_window_shopping,
          shop_fountains
Elf:3:    minmay_elf_hall_hex, layout_onion_city,
          portal_ice_cave_entry_pillars_1, serial_shops, shop, fountainhead,
          solitary_fountain, uniq_asterion
Vaults:1: vaults_room_door_hall, v_misc_19, nicolae_vaults_network_s,
          hangedman_vaults_pinch, hangedman_vaults_maws,
          hangedman_vaults_corner, v_misc_27, v_alt_pattern_4,
          ontoclasm_vaults_decontamination, vaults_room_fancy_cross,
          vaults_dpeg_hooks, layout_vaults_big_cross,
          portal_desolation_entry_salt, uniq_donald
Vaults:2: minmay_crypt_entry_simple_statues, hangedman_vaults_snaps,
          nicolae_vaults_angled_halls, v_misc_11,
          hangedman_vaults_stretched_pinwheel, vaults_room_door_ring,
          nicolae_vaults_little_squares_6, nicolae_vaults_network_periphery,
          st_squares, ontoclasm_vaults_chip, vaults_mumra_lcd,
          layout_vaults_ring, serial_shops, shop, uniq_jory
Vaults:3: ebering_vaults_ghost_disaster_area, hangedman_vaults_variations,
          nicolae_vaults_little_squares_2, vaults_mumra_minichess_inversion,
          ontoclasm_vaults_ligature, hangedman_vaults_restitches, v_rooms_4,
          hangedman_vaults_hard_town_square, v_misc_26, v_misc_18,
          ontoclasm_vaults_gateway, v_misc_19,
          nicolae_vaults_diagonal_hallway_7, layout_vaults_big_room,
          mu_enter_wizlab_4, serial_glass, serial_shops, bzr_entry_gold
Vaults:4: hangedman_vaults_corner_blocks, v_misc_3, dpeg_vaults_monster_box,
          hangedman_vaults_restitches, ontoclasm_vaults_ring_large,
          nicolae_vaults_network_quincunx
          [nicolae_vaults_network_quincunx_subvault,
          nicolae_vaults_network_quincunx_subvault,
          nicolae_vaults_network_quincunx_subvault,
          nicolae_vaults_network_quincunx_subvault,
          nicolae_vaults_network_quincunx_subvault],
          nicolae_vaults_back_hallway, grunt_vaults_swirl, v_misc_30,
          grunt_vaults_focal, nicolae_vaults_little_squares_1,
          ontoclasm_vaults_hangar, layout_vaults_omnibox
Vaults:5
Crypt:1:  layout_regular_city, palyth_stone_intersect
Crypt:2:  layout_gridlike
Crypt:3:  quadcrypt_mu, uniq_saint_roka
Tomb:1:   uniq_khufu
Tomb:2
Tomb:3
Depths:1: kennysheep_big_flooded_room, layout_gridlike, cheibriados_altar_1,
          hell_entry, kennysheep_generic_room_12
Depths:2: emtedronai_trogs_sanctum, layout_cave_shapes, hell_entry,
          serial_bayou_shore_b, serial_glass, glass_columns_b, glass_columns_b,
          abyss_entry, ice2_lemuel, uniq_enchantress
Depths:3: minmay_expanding_circles, layout_cave_pools, grunt_pan_entry_sceptre,
          serial_rivers, chequers_serial_rivers_micro_c,
          chequers_serial_rivers_small_a, chequers_serial_rivers_small_b,
          chequers_serial_rivers_small_b, serial_bayou_shore_b, hell_entry,
          abyss_entry, minmay_staircase_windowed_small
Depths:4: minmay_broken_ring, layout_gridlike, hangedman_coc_ice_floe,
          abyss_entry, serial_sigils_hangedman_shear, kennysheep_generic_room_10
Depths:5: evilmike_zot_entry_hall, layout_cave_pools, enter_ziggurat_d,
          grunt_decor_mini_mirrors, serial_column_ruins,
          column_ruins_circle_medium, column_ruins_hut_water,
          column_ruins_grid_1, column_ruins_columns_corner, column_ruins_grid_3,
          column_ruins_grid_1, column_ruins_columns_straight,
          column_ruins_open_tiny, pf_hell_entry_great_geh, minivault_16,
          uniq_frederick, uniq_margery, uniq_mennas
Hell

Skill      XL: |  1  2  3  4  5  6  7  8  9 10 11 12 13 14 15 16 17 18 19 20 21 22 23 24 25 26 27 |
---------------+----------------------------------------------------------------------------------+-----
Transmutations | 3 4 5 6 8 10 12 13 15 | 15.0
Poison Magic   | 2 4 |  4.1
Stealth        | 1 3 5 7 8 9 10 11 13 14 15 16 23 | 23.6
Unarmed Combat | 5 6 7 8 9 10 12 15 16 17 18 19 20 27 | 27.0
Fighting       | 2 3 4 6 7 9 10 12 13 14 15 16 18 25 | 25.4
Dodging        | 3 5 6 8 10 11 12 14 19 | 19.3
Polearms       | 1 |  1.1
Invocations    | 1 5 7 8 12 13 14 16 17 18 19 21 | 21.0
Spellcasting   | 3 5 7 8 9 12 | 12.6
Translocations | 2 3 14 17 18 21 | 21.3
Conjurations   | 1 2 |  2.0
Air Magic      | 1 2 |  2.0
Ice Magic      | 1 |  1.1
Evocations     | 1 12 | 12.0
Earth Magic    | 6 8 |  8.5
Crossbows      | 5 9 14 18 | 18.4
Summonings     | 5 7 8 11 | 11.6

Action                   |  1- 3 |  4- 6 |  7- 9 | 10-12 | 13-15 | 16-18 | 19-21 | 22-24 | 25-27 || total
-------------------------+-------+-------+-------+-------+-------+-------+-------+-------+-------++-------
Melee: Unarmed           |    91 |   117 |   211 |   347 |   349 |   829 |   550 |   932 |  3370 ||  6796
       Kick              |    15 |    13 |    17 |    12 |     6 |     1 |     5 |       |       ||    69
       Tentacles         |    12 |    14 |     7 |    43 |    51 |   151 |   169 |   248 |   864 ||  1559
       Constrict         |    24 |    19 |    18 |    37 |    45 |   133 |   152 |   134 |   401 ||   963
       Punch             |     3 |     1 |     1 |    13 |    22 |    95 |   114 |   191 |   676 ||  1116
       Scimitar          |       |       |       |       |       |       |    47 |       |       ||    47
       Arbalest          |       |       |       |       |       |       |       |       |    19 ||    19
 Fire: Hunting sling     |       |    22 |    98 |   127 |       |       |       |       |       ||   247
       Shortbow          |       |       |       |    85 |   255 |       |       |       |       ||   340
       Arbalest          |       |       |       |       |    28 |   332 |   307 |   250 |  1891 ||  2808
Throw: Stone             |    40 |    40 |     2 |     4 |       |    46 |    13 |     9 |    28 ||   182
       Dart              |       |       |     2 |       |    25 |       |       |       |       ||    27
 Cast: Beastly Appendage |    21 |    17 |    16 |    12 |     5 |     1 |     1 |       |       ||    73
       Spider Form       |       |    10 |    25 |    17 |       |       |       |       |       ||    52
       Sticks to Snakes  |       |       |     2 |    15 |       |       |       |       |    18 ||    35
       Blade Hands       |       |       |       |    34 |    56 |    32 |    12 |     6 |     2 ||   142
       Ice Form          |       |       |       |     6 |     6 |     3 |     1 |       |       ||    16
       Blink             |       |       |       |     1 |     5 |     2 |     1 |       |       ||     9
       Mephitic Cloud    |       |       |       |       |     3 |       |     6 |       |       ||     9
       Passwall          |       |       |       |       |     1 |     1 |     6 |    12 |     5 ||    25
       Statue Form       |       |       |       |       |       |    59 |    45 |    67 |   242 ||   413
       Petrify           |       |       |       |       |       |     1 |       |       |       ||     1
       Alistair's Intoxi |       |       |       |       |       |       |     7 |       |       ||     7
       Controlled Blink  |       |       |       |       |       |       |       |       |    66 ||    66
       Malign Gateway    |       |       |       |       |       |       |       |       |    28 ||    28
       Shadow Creatures  |       |       |       |       |       |       |       |       |    80 ||    80
       Portal Projectile |       |       |       |       |       |       |       |       |    44 ||    44
       Aura of Abjuratio |       |       |       |       |       |       |       |       |    13 ||    13
Invok: Minor Destruction |       |       |       |     6 |    58 |   190 |    28 |    19 |       ||   301
       Lesser Servant of |       |       |       |     9 |    22 |     9 |     8 |       |    21 ||    69
       Major Destruction |       |       |       |       |       |       |     9 |     9 |    34 ||    52
       Greater Servant o |       |       |       |       |       |       |       |       |    21 ||    21
 Abil: End Transformatio |       |     3 |     7 |    29 |    43 |    47 |    46 |    62 |   125 ||   362
       Evoke Flight      |       |       |       |       |       |     2 |       |       |     1 ||     3
       Cancel Portal Pro |       |       |       |       |       |       |       |       |     8 ||     8
       Stop Flying       |       |       |       |       |       |       |       |       |     1 ||     1
Evoke: Wand              |       |       |     1 |     3 |     2 |       |       |       |       ||     6
       Staff of energy   |       |       |       |       |       |       |       |       |    11 ||    11
       Phantom mirror    |       |       |       |       |       |       |       |       |     1 ||     1
  Use: Scroll            |     1 |     5 |    11 |     8 |    11 |    19 |    18 |     4 |    46 ||   123
       Potion            |       |       |       |     2 |     4 |     3 |       |     1 |    31 ||    41
 Stab: Sleeping          |     1 |     3 |     3 |     6 |     4 |     8 |    20 |    29 |    34 ||   108
       Paralysed         |       |       |     3 |       |       |       |       |       |     1 ||     4
       Distracted        |       |       |       |     1 |       |     3 |     1 |     4 |    15 ||    24
       Petrified         |       |       |       |       |       |       |       |       |     1 ||     1
  Eat: Chunk             |     2 |    10 |    12 |    28 |    43 |    59 |    51 |    45 |    94 ||   344
       Ration            |       |       |     3 |     5 |     3 |    10 |     6 |     5 |    45 ||    77
Armor: Skin              |     5 |     3 |     4 |    15 |     8 |   507 |   190 |   204 |  1893 ||  2829
Dodge: Dodged            |    42 |    48 |   110 |   211 |   144 |   847 |   549 |   846 |  6051 ||  8848
Block: Other             |       |    20 |    30 |    62 |    53 |   236 |   133 |   152 |    20 ||   706
       Reflection        |       |     1 |       |     3 |     2 |    15 |    18 |     5 |       ||    44
       Rpst.: Scimitar   |       |       |       |       |       |       |    12 |       |       ||    12

Table legend:
 A = Non-vault XP
 B = Vault XP
 C = Vault XP percentage of total XP
 D = Non-vault monster count
 E = Vault monster count
 F = Vault count percentage of total count
                 A         B        C        D         E       F
            +---------+---------+-------+---------+---------+-------
      Total | 1404630 | 1402697 |  50.0 |    2571 |    1562 |  37.8
            +---------+---------+-------+---------+---------+-------
        D:1 |      43 |       8 |  15.7 |      22 |       4 |  15.4
        D:2 |      43 |      11 |  20.4 |      19 |       7 |  26.9
        D:3 |     260 |     220 |  45.8 |      23 |       1 |   4.2
        D:4 |     345 |       0 |   0.0 |      14 |       0 |   0.0
        D:5 |     487 |     158 |  24.5 |      17 |       1 |   5.6
        D:6 |     638 |     735 |  53.5 |      16 |      13 |  44.8
        D:7 |    1101 |    1923 |  63.6 |      14 |      13 |  48.1
        D:8 |    1968 |     183 |   8.5 |      21 |       1 |   4.5
        D:9 |    1845 |    3325 |  64.3 |      35 |       9 |  20.5
       D:10 |    1476 |    7561 |  83.7 |      22 |      23 |  51.1
       D:11 |    8520 |       0 |   0.0 |      50 |       0 |   0.0
       D:12 |    3232 |    3039 |  48.5 |      27 |      21 |  43.8
       D:13 |    6604 |    6271 |  48.7 |      38 |       6 |  13.6
       D:14 |    5239 |    1673 |  24.2 |      21 |       4 |  16.0
       D:15 |    7477 |    4804 |  39.1 |      19 |       6 |  24.0
     Lair:1 |    4071 |     204 |   4.8 |      16 |       2 |  11.1
     Lair:2 |    5907 |     816 |  12.1 |      30 |       4 |  11.8
     Lair:3 |    4190 |       0 |   0.0 |      17 |       0 |   0.0
     Lair:4 |    7029 |    1615 |  18.7 |      33 |       3 |   8.3
     Lair:5 |    4542 |    3320 |  42.2 |      23 |      12 |  34.3
     Lair:6 |    6540 |    9296 |  58.7 |      26 |      21 |  44.7
    Swamp:1 |   10483 |     703 |   6.3 |      36 |       2 |   5.3
    Swamp:2 |   12569 |       0 |   0.0 |      30 |       0 |   0.0
    Swamp:3 |   15910 |    1140 |   6.7 |      29 |       4 |  12.1
    Swamp:4 |   10279 |   27012 |  72.4 |      27 |      39 |  59.1
   Spider:1 |   13052 |       0 |   0.0 |      36 |       0 |   0.0
   Spider:2 |   11769 |       0 |   0.0 |      31 |       0 |   0.0
   Spider:3 |   14911 |    2497 |  14.3 |      45 |      25 |  35.7
   Spider:4 |   17656 |   25761 |  59.3 |      43 |      56 |  56.6
    Slime:1 |    1852 |       0 |   0.0 |       7 |       0 |   0.0
    Slime:2 |   17907 |       0 |   0.0 |      25 |       0 |   0.0
    Slime:3 |   19699 |       0 |   0.0 |      25 |       0 |   0.0
    Slime:4 |   10950 |       0 |   0.0 |      21 |       0 |   0.0
    Slime:5 |   15050 |   34224 |  69.5 |      29 |      13 |  31.0
      Orc:1 |    2325 |       0 |   0.0 |      39 |       0 |   0.0
      Orc:2 |    2927 |    4111 |  58.4 |      27 |      43 |  61.4
      Elf:1 |   15548 |   15213 |  49.5 |      24 |      15 |  38.5
      Elf:2 |   24570 |   25129 |  50.6 |      42 |      31 |  42.5
      Elf:3 |    5519 |   58116 |  91.3 |       9 |      39 |  81.2
   Vaults:1 |   21276 |   16713 |  44.0 |      32 |      37 |  53.6
   Vaults:2 |   42985 |   35493 |  45.2 |      78 |      38 |  32.8
   Vaults:3 |   19957 |   24936 |  55.5 |      32 |      30 |  48.4
   Vaults:4 |   59931 |   58799 |  49.5 |      73 |      57 |  43.8
   Vaults:5 |   38180 |   75382 |  66.4 |      48 |      50 |  51.0
    Crypt:1 |   31775 |       0 |   0.0 |      54 |       0 |   0.0
    Crypt:2 |   29919 |       0 |   0.0 |      38 |       0 |   0.0
    Crypt:3 |    1765 |   69095 |  97.5 |       2 |      89 |  97.8
     Tomb:1 |   13769 |  155091 |  91.8 |      38 |      55 |  59.1
     Tomb:2 |   15802 |   44989 |  74.0 |      39 |      50 |  56.2
     Tomb:3 |    2464 |   62250 |  96.2 |       3 |      68 |  95.8
   Depths:1 |   49634 |   12773 |  20.5 |      55 |      11 |  16.7
   Depths:2 |   17570 |   40924 |  70.0 |      18 |      45 |  71.4
   Depths:3 |   51988 |   47646 |  47.8 |      60 |      41 |  40.6
   Depths:4 |   39332 |   22278 |  36.2 |      50 |      10 |  16.7
   Depths:5 |   22444 |   39582 |  63.8 |      23 |      26 |  53.1
       Hell |   27153 |   28782 |  51.5 |      35 |      48 |  57.8
    Abyss:1 |   35988 |    1039 |   2.8 |      48 |       3 |   5.9
    Abyss:2 |    8529 |       0 |   0.0 |      11 |       0 |   0.0
    Abyss:3 |   73840 |   23344 |  24.0 |     141 |      28 |  16.6
        Pan |  505796 |  306938 |  37.8 |     665 |     267 |  28.6
      IceCv |       0 |    9862 | 100.0 |       0 |      25 | 100.0
    Volcano |       0 |    5365 | 100.0 |       0 |      11 | 100.0
     WizLab |       0 |   34927 | 100.0 |       0 |      71 | 100.0
 Desolation |       0 |   47421 | 100.0 |       0 |      84 | 100.0
            +---------+---------+-------+---------+---------+-------
